 Dungeon Crawl Stone Soup version 0.30-a0-465-g8901f6c8b5 (webtiles) character file.

Game seed: 11756587449853993812

263 JoshKwa the Covered (level 5, -2/45 HPs)
             Began as a Demigod Fighter on Dec 17, 2022.
             Killed from afar by a steam dragon (13 damage)
             ... with a ball of steam
             ... on level 3 of the Dungeon.
             The game lasted 00:11:00 (2209 turns).

JoshKwa the Covered (Demigod Fighter)               Turns: 2209, Time: 00:11:00

Health: -2/45      AC:  9    Str: 12    XL:     5   Next: 65%
Magic:  11/11      EV:  8    Int: 14    God:
Gold:   95         SH:  5    Dex: 16    Spells: 5/8 levels left

rFire   . . .      SeeInvis .    i - +9 flail "Hydraslayer" {flame, rPois rCorr Str-5 Dex+3}
rCold   . . .      Faith    .    c - +0 buckler
rNeg    . . .      Spirit   .    b - +0 scale mail
rPois   +          Reflect  .    (helmet restricted)
rElec   .          Harm     .    (no cloak)
rCorr   +          Rampage  .    f - +0 pair of gloves
Will    .....                    j - +0 pair of boots
Stlth   ..........               (no amulet)
HPRegen 0.27/turn                g - ring of wizardry
MPRegen 0.12/turn                (no ring)

@: no status effects
A: high MP 1, forlorn, divine attributes, beak
a: no special abilities


You were on level 3 of the Dungeon.
You visited 1 branch of the dungeon, and saw 3 of its levels.

You collected 95 gold pieces.

Inventory:

Hand Weapons
 a - a +1 long sword
 i - the +9 flail "Hydraslayer" (weapon) {flame, rPois rCorr Str-5 Dex+3}
   (You found it on level 2 of the Dungeon)

   It burns those it strikes, dealing additional fire damage.
   Str:       It affects your strength (-5).
   Dex:       It affects your dexterity (+3).
   rPois:     It protects you from poison.
   rCorr:     It protects you from acid and corrosion.
Armour
 b - a +0 scale mail (worn)
 c - a +0 buckler (worn)
 f - a +0 pair of gloves (worn)
 j - a +0 pair of boots (worn)
 l - a +1 robe of fire resistance
Jewellery
 g - a ring of wizardry (left hand)
Scrolls
 m - a scroll of fear
Potions
 d - a potion of might
 e - a potion of magic


   Skills:
 + Level 3.2 Fighting
 + Level 2.3 Long Blades
 + Level 2.1 Maces & Flails
 + Level 3.5 Armour
 + Level 0.1 Dodging
 + Level 0.4 Stealth
 + Level 2.9 Shields
 * Level 2.3 Spellcasting
 + Level 1.0 Earth Magic


You had 5 spell levels left.
You knew the following spells:

 Your Spells              Type           Power      Damage    Failure   Level
a - Sandblast             Erth           8%         2d5       34%         1
b - Blink                 Tloc           2%         N/A       61%         2

Your spell library contained the following spells:

 Spells                   Type           Power      Damage    Failure   Level
 Passwall                 Tmut/Erth      2%         N/A       54%         2
 Cigotuvi's Dreadful Rot  Necr/Pois/Air  2%         N/A       61%         2
 Poisonous Vapours        Pois/Air       2%         N/A       61%         2
 Stone Arrow              Conj/Erth      6%         3d7       77%         3
 Mephitic Cloud           Conj/Pois/Air  1%         N/A       83%         3
 Manifold Assault         Tloc           1%         N/A       99%         4
 Storm Form               Tmut/Air       0%         N/A       100%        7


Dungeon Overview and Level Annotations

Branches:
Dungeon (3/15)

Shops:
D:3 [


Innate Abilities, Weirdness & Mutations

You have an increased reservoir of magic. (+10% MP)
You shall have no god before yourself.
Your divine heritage dramatically boosts your attributes as you level up.
You have a beak for a mouth.


Message History

You sock the bat! You burn the bat.
You kill the bat!
Found 5 poisoned darts.
You open the door.
A steam dragon comes into view.
Found a scroll of fear.
The steam dragon hisses angrily.
The steam dragon breathes steam at you. The ball of steam hits you!
You are engulfed in a cloud of scalding steam.
You see here 5 poisoned darts.
The steam dragon bites you. The steam dragon claws you.
You sock the steam dragon! You burn the steam dragon.
You peck the steam dragon, but do no damage.
The steam dragon is moderately wounded.
The steam dragon bites you but does no damage.
The steam dragon closely misses you.
You sock the steam dragon! You burn the steam dragon.
The steam dragon is severely wounded.
The steam dragon bites you. The steam dragon claws you.
You barely miss the steam dragon.
You peck the steam dragon, but do no damage.
The steam dragon is severely wounded.
You block the steam dragon's attack. The steam dragon barely misses you.
The steam dragon completely misses you. The steam dragon barely misses you.
You hit the steam dragon. You burn the steam dragon.
You peck the steam dragon, but do no damage.
The steam dragon is almost dead.
You block the steam dragon's attack. The steam dragon closely misses you.
You hit the steam dragon but do no damage.
The steam dragon is almost dead.
The steam dragon bites you.
* * * LOW HITPOINT WARNING * * *
The steam dragon closely misses you.
You barely miss the steam dragon.
You peck the steam dragon, but do no damage.
The steam dragon is almost dead.
The steam dragon breathes steam at you. The ball of steam hits you!
You die...

#....#### #....#.. #....#.######
#....'......# #....#.####.#
#.........#.# # +##
#......##.#.####.#.. ...
#.....###..(.D.....# ...
#......#####@.....?# ..
#####......# #.......# ##.#
#..........# #####.... #..
#.####.....# ########.### #.#
#.....### #### ##........ #.#
#.......####...# #......#.. #.#
#.....#...##...# #....>.#.#
#.####.....##..##...# #......#.#
#..........##.......####.....)#.#


You could see a steam dragon (catching breath).

Vanquished Creatures
  Sigmund (D:3)
  Jessica (D:3)
  3 adders (D:2)
  2 worms
  2 orcs (D:3)
  5 ball pythons (D:1)
  3 endoplasms
  A giant cockroach (D:1)
  4 goblins
  4 hobgoblins
  3 jackals (D:1)
  4 kobolds (D:1)
  7 bats
  2 frilled lizards (D:1)
  3 rats
45 creatures vanquished.

Vanquished Creatures (others)
  An orc (D:3)
1 creature vanquished.

Grand Total: 46 creatures vanquished

Notes
Turn   | Place    | Note
-------+----------+-------------------------------------------
     0 | D:1      | JoshKwa the Demigod Fighter began the quest for the Orb.
     0 | D:1      | Reached XP level 1. HP: 18/18 MP: 3/3
   154 | D:1      | Reached XP level 2. HP: 8/25 MP: 4/4
  1148 | D:1      | Learned a level 1 spell: Sandblast
  1385 | D:2      | Identified the +9 flail "Hydraslayer" {flame, rPois rCorr
                  | Str-5 Dex+3}
  1559 | D:2      | Reached XP level 3. HP: 28/31 MP: 5/5
  1749 | D:2      | Reached skill level 1 in Spellcasting
  1816 | D:2      | Gained mutation: You have a beak for a mouth. [potion of
                  | mutation]
  1983 | D:3      | Noticed Jessica
  1988 | D:3      | Killed Jessica
  1989 | D:3      | Reached skill level 1 in Maces & Flails
  1989 | D:3      | Reached XP level 4. HP: 38/38 MP: 8/8
  2018 | D:3      | Noticed Sigmund
  2047 | D:3      | Killed Sigmund
  2048 | D:3      | Reached skill level 1 in Earth Magic
  2048 | D:3      | Reached XP level 5. HP: 23/45 MP: 8/11
  2068 | D:3      | Learned a level 2 spell: Blink
  2091 | D:3      | Found Tet Tutytz's Armour Emporium.
  2201 | D:3      | Noticed a steam dragon
  2209 | D:3      | Killed from afar by a steam dragon

Illustrated notes

Levels and vault maps discovered:
D:1:      dpeg_arrival_castle, layout_basic,
          dreamdust_ecumenical_altar_hidden_monk_grotto, serial_rivers,
          chequers_serial_rivers_marsh, chequers_serial_rivers_micro_e,
          chequers_serial_rivers_micro_d, chequers_serial_rivers_small_b,
          chequers_serial_rivers_marsh, chequers_serial_rivers_marsh,
          hex_intersection
D:2:      layout_basic
D:3:      layout_basic, serial_shops, nicolae_square_shop,
          nicolae_shop_hallway_stairs, shop_statue, corexii_hall_statues_x,
          uniq_sigmund, uniq_jessica

Skill      XL: |  1  2  3  4 |
---------------+-------------+-----
Long Blades    | 2 |  2.3
Armour         | 3 |  3.5
Fighting       | 3 |  3.2
Spellcasting   | 1 2 |  2.3
Maces & Flails | 1 2 |  2.1
Earth Magic    | 1 |  1.0
Dodging        | |  0.1
Stealth        | |  0.4
Shields        | |  2.9

Action                   |  1- 3 |  4- 6 || total
-------------------------+-------+-------++-------
Melee: Long sword        |    58 |       ||    58
       Flail             |    22 |    19 ||    41
       Peck              |       |     5 ||     5
 Cast: Sandblast         |     8 |       ||     8
  Use: Scroll            |     8 |       ||     8
       Potion            |     1 |     6 ||     7
 Stab: Invisible         |       |     1 ||     1
Armor: Scale mail        |    52 |    13 ||    65
Dodge: Dodged            |    50 |    17 ||    67
Block: Buckler           |    27 |     5 ||    32

Table legend: (Time is in decaauts)
 A = Elapsed time spent in this place.
 B = Non-inter-level travel time spent in this place.
 C = Inter-level travel time spent in this place.
 D = Time resting spent in this place.
 E = Time spent auto-exploring this place.
 F = Levels seen in this place.
 G = Mean time per level.
                   A        B        C        D        E       F      G
               +--------+--------+--------+--------+--------+-----+--------+
         Total |   2261 |   2140 |    121 |    661 |      0 |   3 |  753.7 |
       Dungeon |   2261 |   2140 |    121 |    661 |      0 |   3 |  753.7 |
               +--------+--------+--------+--------+--------+-----+--------+

Top non-repeatable levels by time:
     D:1: 1390 daAuts
     D:2: 471 daAuts
     D:3: 399 daAuts
